 Dungeon Crawl Stone Soup version 0.26-a0-58-g79b31b8662 (webtiles) character file.

Game seed: 15771512001911872786

298459 Ozzies the Slayer (level 20, -14/212 HPs)
             Began as a Minotaur Fighter on June 8, 2020.
             Was the Champion of Qazlal.
             Killed from afar by a Hell Sentinel (41 damage)
             ... with damnation
             ... summoned by a deep elf demonologist
             ... on level 1 of the Elven Halls.
             The game lasted 02:26:04 (36249 turns).

Ozzies the Slayer (Minotaur Fighter)               Turns: 36249, Time: 02:26:05

Health: -14/212    AC: 40    Str: 33    XL:     20   Next: 46%
Magic:  18/24      EV:  6    Int:  5    God:    Qazlal [******]
Gold:   3883       SH: 30    Dex: 11    Spells: 19/19 levels left

rFire    . . .     SeeInvis .   j - +9 broad axe (pain)
rCold    + . .     Gourm    .   Q - +0 tower shield
rNeg     . . .     Faith    .   B - +15 Maxwell's patent armour {-Cast -Tele rElec MR+ rCorr}
rPois    +         Spirit   .   U - +3 hat of Hymun {Regen+ Str+4}
rElec    +         Reflect  .   W - +2 cloak {rC+}
rCorr    +         Harm     .   w - +0 pair of gloves
MR       +++..     NoTele   +   (no boots) Stlth ..........NoCast +
                                l - amulet of regeneration
HPRegen  1.25/turn              b - ring of poison resistance
MPRegen  0.19/turn              G - ring of protection from magic

@: repel missiles
A: retaliatory headbutt, claws 1, horns 2
}: 1/15 runes: serpentine
a: Upheaval, Elemental Force, Disaster Area, Renounce Religion


You were on level 1 of the Elven Halls.
You worshipped Qazlal.
Qazlal was exalted by your worship.
You were not hungry.

You visited 6 branches of the dungeon, and saw 32 of its levels.
You visited the Abyss 1 time.
You also visited: Sewer, Ossuary, Bailey, Gauntlet and Ice Cave.

You collected 4011 gold pieces.
You spent 128 gold pieces at shops.

Inventory:

Hand Weapons
 g - a +2 battleaxe of electrocution
 j - a +9 broad axe of pain (weapon)
 K - the +2 whip "Laagh" {flame, rElec rPois Str-2 SInv}
   (You found it on level 8 of the Dungeon)

   It has been specially enchanted to burn those struck by it, causing extra
   injury to most foes and up to half again as much damage against particularly
   susceptible opponents.
   It affects your strength (-2).
   It insulates you from electricity.
   It protects you from poison.
   It lets you see invisible.
 L - the +8 hand axe of Red Subterfuge {speed, *Noise rPois rF+ rN+}
   (You found it on level 8 of the Dungeon)

   Attacks with this weapon are significantly faster.
   It protects you from fire.
   It protects you from poison.
   It protects you from negative energy.
   It may make noises in combat.
Armour
 w - a +0 pair of gloves (worn)
 B - the +15 Maxwell's patent armour (worn) {-Cast -Tele rElec MR+ rCorr}
   (You acquired it on level 3 of the Lair of Beasts)

   It insulates you from electricity.
   It affects your resistance to hostile enchantments.
   It prevents spellcasting.
   It prevents most forms of teleportation.
   It provides partial protection from all sources of acid and corrosion.
 M - the +2 chain mail "Eshex" {rC+ rN+ MR+ Regen+}
   (You found it on level 8 of the Dungeon)

   It protects you from cold.
   It protects you from negative energy.
   It affects your resistance to hostile enchantments.
   It increases your rate of regeneration.
 N - a +1 plate armour of fire resistance
 Q - a +0 tower shield (worn)
 U - the +3 hat of Hymun (worn) {Regen+ Str+4}
   (You found it in an ice cave)

   It affects your strength (+4).
   It increases your rate of regeneration.
 W - a +2 cloak of cold resistance (worn)
Jewellery
 a - an uncursed ring of protection from cold
 b - a ring of poison resistance (left hand)
 c - a +4 ring of evasion
 l - an amulet of regeneration (around neck)
 G - a ring of protection from magic (right hand)
Wands
 n - a wand of disintegration (14)
 A - a wand of digging (13)
 J - a wand of paralysis (34)
 S - a wand of iceblast (45)
 Z - a wand of polymorph (30)
Scrolls
 h - 17 scrolls of remove curse
 k - 21 scrolls of identify
 m - a scroll of amnesia
 p - 9 scrolls of enchant weapon
 r - 11 scrolls of teleportation
 s - 2 scrolls of fear
 u - 2 scrolls of blinking
 y - 6 scrolls of magic mapping
 X - 6 scrolls of enchant armour
 Y - a scroll of fog
Potions
 d - 6 potions of might
 e - 8 potions of lignification
 i - a potion of berserk rage
 q - 8 potions of curing
 z - 8 potions of stabbing
 C - 4 potions of cancellation
 D - a potion of magic
 F - 11 potions of heal wounds
 O - 2 potions of flight
 R - a potion of invisibility
 T - 2 potions of resistance
Miscellaneous
 V - 2 phantom mirrors
Comestibles
 f - 48 rations


   Skills:
 + Level 25.9 Fighting
 + Level 23.9 Axes
 - Level 15.0 Armour
 - Level 15.0 Shields
 - Level 7.0 Invocations


You had 19 spell levels left.
You didn't know any spells.
Your spell library contained the following spells:

 Spells                   Type           Power        Failure   Level  Hunger
 Beastly Appendage        Tmut           #.....       100%        1    ##.....
 Corona                   Hex            #......      100%        1    ##.....
 Foxfire                  Conj/Fire      #...         100%        1    ##.....
 Freeze                   Ice            #...         100%        1    ##.....
 Magic Dart               Conj           #...         100%        1    ##.....
 Sandblast                Erth           #.....       100%        1    ##.....
 Summon Butterflies       Summ           #.......     100%        1    ##.....
 Summon Small Mammal      Summ           #...         100%        1    ##.....
 Blink                    Tloc           N/A          100%        2    ###....
 Ensorcelled Hibernation  Hex/Ice        #.....       100%        2    ###....
 Passwall                 Tmut/Erth      #.......     100%        2    ###....
 Searing Ray              Conj           #.....       100%        2    ###....
 Slow                     Hex            #.......     100%        2    ###....
 Sticks to Snakes         Tmut           #.......     100%        2    ###....
 Call Canine Familiar     Summ           #.......     100%        3    ####...
 Confusing Touch          Hex            #.......     100%        3    ####...
 Dazzling Flash           Conj/Hex       #.....       100%        3    ####...
 Frozen Ramparts          Ice            #.....       100%        3    ####...
 Gell's Gravitas          Tloc           #.........   100%        3    ####...
 Inner Flame              Hex/Fire       #.......     100%        3    ####...
 Lesser Beckoning         Tloc           #.........   100%        3    ####...
 Ozocubu's Armour         Chrm/Ice       #.......     100%        3    ####...
 Portal Projectile        Hex/Tloc       #.....       100%        3    ####...
 Recall                   Summ/Tloc      N/A          100%        3    ####...
 Spider Form              Tmut/Pois      #.........   100%        3    ####...
 Stone Arrow              Conj/Erth      #.....       100%        3    ####...
 Animate Dead             Necr           N/A          100%        4    #####..
 Cause Fear               Hex            #.........   100%        4    #####..
 Fulminant Prism          Conj/Hex       #.........   100%        4    #####..
 Hailstorm                Conj/Ice       #.......     100%        4    #####..
 Ice Form                 Ice/Tmut       #.......     100%        4    #####..
 Iskenderun's Mystic Bla  Conj/Tloc      #.......     100%        4    #####..
 Leda's Liquefaction      Hex/Erth       #.........   100%        4    #####..
 Petrify                  Tmut/Erth      #.......     100%        4    #####..
 Sticky Flame             Conj/Fire      #.......     100%        4    #####..
 Summon Ice Beast         Ice/Summ       #.......     100%        4    #####..
 Alistair's Intoxication  Tmut/Pois      #.......     100%        5    ######.
 Aura of Abjuration       Summ           #.........   100%        5    ######.
 Blade Hands              Tmut           #.........   100%        5    ######.
 Bolt of Magma            Conj/Fire/Erth #.........   100%        5    ######.
 Borgnjor's Vile Clutch   Necr/Erth      #.........   100%        5    ######.
 Lee's Rapid Deconstruct  Erth           #.........   100%        5    ######.
 Metabolic Englaciation   Hex/Ice        #.........   100%        5    ######.
 Summon Mana Viper        Hex/Summ       #.......     100%        5    ######.
 Yara's Violent Unravell  Hex/Tmut       #.........   100%        5    ######.
 Death Channel            Necr           #.........   100%        6    #######
 Dispersal                Tloc           #.........   100%        6    #######
 Freezing Cloud           Conj/Ice/Air   #.........   100%        6    #######
 Ozocubu's Refrigeration  Ice            #.........   100%        6    #######
 Shadow Creatures         Summ           N/A          100%        6    #######
 Simulacrum               Ice/Necr       #.........   100%        6    #######
 Statue Form              Tmut/Erth      #........    100%        6    #######
 Dragon Form              Tmut           #.........   100%        7    #######
 Malign Gateway           Summ/Tloc      #.........   100%        7    #######
 Summon Hydra             Summ           #.........   100%        7    #######
 Controlled Blink         Tloc           N/A          100%        8    #######
 Disjunction              Tloc           #.........   100%        8    #######
 Shatter                  Erth           #.........   100%        9    #######


Dungeon Overview and Level Annotations

Branches:
Dungeon (15/15)            Temple (0/1) D:6            Lair (6/6) D:8
  Swamp (0/4) Lair:3        Snake (4/4) Lair:3        Slime (0/5) Lair:6
    Orc (2/2) D:11            Elf (1/3) Orc:2        Vaults (4/5) D:13
  Crypt (0/3) Vaults:3     Depths (0/5) D:15          Sewer (visited)
Ossuary (visited)          Bailey (visited)           IceCv (visited)
Gauntlet (visited)

Altars:
Cheibriados
Dithmenos
Elyvilon
Fedhas
Gozag
Hepliaklqana
Kikubaaqudgha
Makhleb
Qazlal
Sif Muna
Trog
Vehumet
Wu Jian
Xom
Yredelemnul
Zin
The Shining One
Beogh
Jiyva

Shops:
D:7 (   D:15 (   Orc:1 %   Orc:2 :!?(   Vaults:4 %

Portals:
Hell: Lair:6


Innate Abilities, Weirdness & Mutations

You reflexively headbutt those who attack you in melee.
You have a pair of horns on your head.
You have sharp fingernails.


Message History

Items here: )) [ †† a cursed -3 long sword; a +0 short sword; a +0 leather armour; an elf corpse x2
You feel less protected from physical attacks.
The deep elf mage casts a spell.
The soul eater draws from the surrounding life force!
* * * LOW HITPOINT WARNING * * *
There is an open door here.
You hear a roar!
You hear a shout!
The soul eater draws from the surrounding life force!
* * * LOW HITPOINT WARNING * * *
You feel much better.
The soul eater disappears in a puff of smoke!
Clouds arounds you coalesce and take form!
The Hell Sentinel gestures at you.
The sphere of damnation explodes!
The damnation engulfs you!!
* * * LOW HITPOINT WARNING * * *
The Hell Sentinel gestures at you.
The sphere of damnation explodes!
The damnation engulfs you!!!
You die...

##............##
##.........###+#
#..........#
#..........+
#.........##
##.......##
##.....##
##.§○####
#...@E# #.§§☼##
#...§# #....#
##.11# ##.§#
##e# #2# .
#.######err.


You could see a Hell Sentinel (summoned), a Brimstone Fiend (summoned), a green
death (summoned), a deep elf demonologist and a friendly fire elemental
(summoned).

Vanquished Creatures
  Mara (Snake:3)
  The ghost of Isedumueph the Tortoise, a veteran HuFi of Hepliaklqana (Vaults:3)
  An Ice Fiend (IceCv)
  A titan (Vaults:3)
  A lich (Vaults:4)
  An eldritch tentacle (Vaults:2)
  Frances (D:14)
  A tengu reaver (Vaults:3)
  8 nagarajas
  A frost giant (D:15)
  Roxanne (Snake:1)
  An iron dragon (Vaults:2)
  2 azure jellies (Vaults:2)
  8 vault wardens
  Aizul (Snake:2)
  2 draconian knights (Abyss:1)
  A ghoul (Vaults:3)
  2 stone giants (Vaults:2)
  6 ironheart preservers
  A very ugly thing (Vaults:2)
  A deep elf demonologist (Vaults:4)
  Azrael (D:14)
  A minotaur (Gauntlet)
  A deep elf annihilator (Vaults:4)
  A dire elephant (Lair:6)
  A yellow draconian (Abyss:1)
  Snorg (Lair:4)
  An ettin (Vaults:3)
  Josephine (D:14)
  5 fire dragons
  6 yaktaur captains
  3 rakshasas
  Fannar (D:12)
  3 ice dragons
  3 great orbs of eyes
  Erolcha (Orc:2)
  13 hydras
  2 catoblepae (Vaults:2)
  7 vault guards
  A hell beast (Lair:6)
  6 anacondas
  25 naga warriors
  9 centaur warriors
  2 dancing weapons (Elf:1)
  12 ogre magi
  6 death yaks (Lair:6)
  23 two-headed ogres
  3 death knights
  2 tengu warriors (D:15)
  A vampire mage (Vaults:3)
  11 naga sharpshooters
  A deep troll earth mage (Vaults:4)
  11 deep elf knights
  7 shock serpents
  A thrashing horror (Abyss:1)
  Nergalle (Orc:2)
  A shadow wraith (Vaults:1)
  3 wretched stars (Abyss:1)
  A sea snake (shapeshifter) (D:15)
  2 salamander mystics (Snake:2)
  A sixfirhy (Abyss:1)
  3 unseen horrors
  5 wizards
  5 deep trolls
  2 glowing orange brains
  6 naga ritualists
  6 deep elf archers
  13 ironbrand convokers
  A necromancer (Vaults:2)
  6 harpies
  2 phantasmal warriors
  An iron dragon zombie (Abyss:1)
  11 orc knights
  A stone giant zombie (Vaults:2)
  8 orc sorcerers
  25 deep elf magi
  3 oklob plants (Snake:2)
  2 wolf spiders (Vaults:2)
  10 mana vipers
  6 cyclopes
  A manticore (D:14)
  21 ugly things
  6 elephants (Lair:5)
  A worldbinder (Vaults:2)
  18 salamanders
  3 ice statues
  Joseph (D:7)
  9 guardian serpents
  28 naga magi
  39 black mambas
  7 vault sentinels
  Psyche (D:12)
  Maurice (D:8)
  5 orange demons
  5 spiny frogs
  2 rime drakes (Lair:6)
  A torpor snail (Gauntlet)
  An efreet (Abyss:1)
  10 komodo dragons
  A yaktaur (shapeshifter) (Vaults:4)
  3 anaconda simulacra
  A rime drake (shapeshifter) (Vaults:1)
  8 freezing wraiths
  32 yaktaurs
  5 ice devils
  A merfolk (shapeshifter) (Elf:1)
  A troll (shapeshifter) (D:13)
  3 hellwings
  A polar bear (shapeshifter) (Vaults:4)
  A queen bee (D:14)
  2 golden dragon simulacra (IceCv)
  2 tengu conjurers (D:15)
  15 trolls
  2 meliai (shapeshifter)
  3 meliai (D:14)
  Grinder (D:6)
  A polar bear (Lair:4)
  A jumping spider (Vaults:2)
  33 slime creatures
  4 hornets
  23 blink frogs
  2 raiju (Abyss:1)
  7 dream sheep (Lair:5)
  16 hippogriffs
  An air elemental (Elf:1)
  2 shadows
  A dire elephant simulacrum (IceCv)
  5 fire elementals
  A vampire (D:14)
  2 ynoxinuls (Abyss:1)
  7 wyverns
  3 basilisks
  12 wraiths
  4 hungry ghosts
  A chaos spawn (Abyss:1)
  12 yaks
  A hog (Vaults:2)
  A neqoxec (Abyss:1)
  A steam dragon (D:12)
  Eustachio (D:4)
  8 humans (D:13)
  10 vampire mosquitoes
  A death yak simulacrum (IceCv)
  5 large abominations (Abyss:1)
  5 wargs
  An iron troll simulacrum (IceCv)
  7 harpy simulacra
  92 nagas
  2 spatial vortices (Vaults:2)
  4 acid dragons
  3 insubstantial wisps (Vaults:2)
  6 hell hounds
  13 water moccasins
  9 porcupines
  3 hydra simulacra
  2 black bears
  A hornet zombie (D:14)
  40 orc warriors
  4 phantoms
  2 ettin simulacra
  5 ice beasts
  4 sky beasts
  An alligator simulacrum (IceCv)
  Purgy (Sewer)
  2 necrophages
  6 boggarts (Vaults:2)
  19 ogres
  A black mamba simulacrum (Vaults:2)
  29 wolves (Lair:5)
  8 centaurs
  2 human skeletons (Vaults:2)
  20 crocodiles
  2 big kobolds (D:10)
  Blork the orc (D:5)
  21 bullfrogs
  A gnoll sergeant (D:11)
  A wyvern zombie (D:15)
  A glowing shapeshifter simulacrum (Vaults:2)
  6 small abominations (Abyss:1)
  2 earth elementals (Vaults:2)
  5 scorpions
  A water moccasin skeleton (D:9)
  3 elephant simulacra (Vaults:2)
  An orc simulacrum (Vaults:2)
  A swamp dragon simulacrum (IceCv)
  41 killer bees
  2 electric eels
  7 howler monkeys
  13 wights
  7 crimson imps
  A bullfrog zombie (D:11)
  3 quasits
  3 draconian simulacra (IceCv)
  5 centaur zombies
  4 jellies
  A hound (D:9)
  15 orc priests
  4 bullfrog skeletons
  3 centaur skeletons
  38 orc wizards
  An iron imp (Abyss:1)
  3 iguanas
  Terence (D:3)
  A spriggan simulacrum (IceCv)
  7 troll simulacra
  12 worker ants
  2 polar bear simulacra (IceCv)
  A wolf simulacrum (IceCv)
  A killer bee zombie (D:5)
  4 centaur simulacra (IceCv)
  A hound skeleton (D:9)
  8 mummies (Ossuary)
  A howler monkey zombie (D:7)
  A worker ant zombie (D:8)
  Robin (D:4)
  19 adders
  16 gnolls
  A naga simulacrum (IceCv)
  A river rat (D:3)
  5 shadow imps
  6 white imps
  5 ufetubi
  2 oozes (D:2)
  4 adder zombies
  3 worms
  3 adder skeletons
  9 leopard geckos
  115 orcs
  7 bats
  4 giant cockroaches
  12 hobgoblins
  10 jackals
  A quokka (D:6)
  A ball python (D:3)
  8 frilled lizards
  14 goblins
  A goblin zombie (D:7)
  A hobgoblin zombie (Ossuary)
  17 kobolds
  4 kobold zombies (Ossuary)
  3 orc zombies (Ossuary)
  2 quokka zombies
  8 rats
  3 butterflies
  2 plants
1566 creatures vanquished.

Vanquished Creatures (collateral kills)
  A deep elf demonologist (Vaults:4)
1 creature vanquished.

Vanquished Creatures (others)
  A rakshasa (Abyss:1)
  A vault guard (D:13)
  A worldbinder (Vaults:2)
  An ugly thing (D:14)
  A vampire bat (Vaults:2)
  4 white imps (IceCv)
  2 ufetubi (IceCv)
  4 demonic plants (Gauntlet)
  5 fungi
  A lurking horror (Abyss:1)
  3 plants
24 creatures vanquished.

Grand Total: 1591 creatures vanquished

Notes
Turn   | Place    | Note
-------+----------+-------------------------------------------
     0 | D:1      | Ozzies the Minotaur Fighter began the quest for the Orb.
     0 | D:1      | Reached XP level 1. HP: 19/19 MP: 0/0
   347 | D:1      | Reached skill level 4 in Fighting
   347 | D:1      | Reached XP level 2. HP: 26/27 MP: 1/1
   705 | D:2      | Found a stormy altar of Qazlal.
   731 | D:2      | Reached XP level 3. HP: 34/34 MP: 2/2
   844 | D:2      | Reached skill level 5 in Fighting
   848 | D:2      | Reached XP level 4. HP: 22/42 MP: 3/3
  1289 | D:2      | Found a faded altar of an unknown god.
  1310 | D:2      | Became a worshipper of Qazlal Stormbringer
  1310 | D:2      | Reached * piety under Qazlal
  1383 | D:2      | Reached skill level 6 in Fighting
  1383 | D:2      | Reached XP level 5. HP: 50/50 MP: 4/4
  1488 | D:3      | Found an opulent altar of Gozag.
  1756 | D:3      | Found a glowing drain.
  1760 | Sewer    | Entered a sewer
  1801 | Sewer    | Noticed Purgy
  1816 | Sewer    | Killed Purgy
  1816 | Sewer    | Reached skill level 7 in Fighting
  1816 | Sewer    | Reached XP level 6. HP: 42/60 MP: 5/5
  1877 | Sewer    | Reached ** piety under Qazlal
  2010 | D:3      | Found a blossoming altar of Fedhas.
  2046 | D:3      | Found a shimmering blue altar of Sif Muna.
  2138 | D:3      | Noticed Terence
  2143 | D:3      | Killed Terence
  2143 | D:3      | Reached skill level 5 in Axes
  2448 | D:4      | Found a shimmering altar of Xom.
  2451 | D:4      | Found a basalt altar of Yredelemnul.
  2451 | D:4      | Found an ornate altar of the Wu Jian Council.
  2453 | D:4      | Found a snail-covered altar of Cheibriados.
  2453 | D:4      | Found a basalt altar of Yredelemnul.
  2453 | D:4      | Found a hazy altar of Hepliaklqana.
  2523 | D:4      | Reached XP level 7. HP: 46/66 MP: 6/6
  2639 | D:4      | Noticed Eustachio
  2684 | D:4      | Killed Eustachio
  2880 | D:4      | Reached skill level 8 in Fighting
  2936 | D:4      | Noticed Robin
  2942 | D:4      | Killed Robin
  3144 | D:4      | Reached *** piety under Qazlal
  3331 | D:5      | Entered Level 5 of the Dungeon
  3358 | D:5      | Reached skill level 5 in Shields
  3383 | D:5      | Reached skill level 5 in Armour
  3389 | D:5      | Reached skill level 9 in Fighting
  3389 | D:5      | Reached XP level 8. HP: 57/78 MP: 7/7
  3727 | D:5      | Reached skill level 10 in Fighting
  3827 | D:5      | Noticed Blork the orc
  3833 | D:5      | Killed Blork the orc
  4176 | D:6      | Found a glowing golden altar of the Shining One.
  4200 | D:6      | Found a shadowy altar of Dithmenos.
  4343 | D:6      | Found a hazy altar of Hepliaklqana.
  4457 | D:6      | Noticed Grinder
  4467 | D:6      | Killed Grinder
  4498 | D:6      | Reached XP level 9. HP: 61/86 MP: 8/8
  4577 | D:6      | Found a staircase to the Ecumenical Temple.
  4884 | D:6      | Got a warped chain mail
  4894 | D:6      | Identified the cursed +1 chain mail "Yradur" {rElec rC- rN+
                  | Str+3} (You found it on level 6 of the Dungeon)
  4959 | D:7      | Found a sand-covered staircase.
  4967 | Ossuary  | Entered an ossuary
  4983 | Ossuary  | Reached **** piety under Qazlal
  5164 | D:7      | Reached skill level 11 in Fighting
  5450 | D:7      | Found Ivvoijama's Weapon Shop.
  5480 | D:7      | Noticed Joseph
  5518 | D:7      | Killed Joseph
  5617 | D:7      | Found a faded altar of an unknown god.
  5617 | D:7      | Found a faded altar of an unknown god.
  5623 | D:7      | Found a glowing silver altar of Zin.
  5625 | D:7      | Found a white marble altar of Elyvilon.
  5627 | D:7      | Found a radiant altar of Vehumet.
  6094 | D:8      | Reached skill level 12 in Fighting
  6174 | D:8      | HP: 4/90 [poisoned by a killer bee]
  6178 | D:8      | HP: 1/90 [poisoned by a killer bee]
  6328 | D:8      | Noticed a deep elf mage
  6345 | D:8      | Reached XP level 10. HP: 97/97 MP: 9/9
  6351 | D:8      | Killed a deep elf mage
  6351 | D:8      | Reached skill level 10 in Axes
  6764 | D:8      | Found a staircase to the Lair.
  6798 | D:8      | Noticed an unseen horror
  6806 | D:8      | Killed an unseen horror
  7022 | D:8      | Noticed Maurice
  7023 | D:8      | Paralysed by Maurice for 4 turns
  7030 | D:8      | Killed Maurice
  7279 | D:8      | Got an encrusted whip
  7279 | D:8      | Got a shimmering hand axe
  7279 | D:8      | Got an ichor-stained chain mail
  7280 | D:8      | Identified the +8 hand axe of Red Subterfuge {speed, *Noise
                  | rPois rF+ rN+} (You found it on level 8 of the Dungeon)
  7281 | D:8      | Identified the cursed +2 whip "Laagh" {flame, rElec rPois
                  | Str-2 SInv} (You found it on level 8 of the Dungeon)
  7294 | D:8      | Identified the +2 chain mail "Eshex" {rC+ rN+ MR+ Regen+}
                  | (You found it on level 8 of the Dungeon)
  7353 | D:9      | Reached skill level 13 in Fighting
  7600 | D:9      | Found an opulent altar of Gozag.
  8246 | D:9      | Found a burning altar of Makhleb.
  8513 | D:10     | Entered Level 10 of the Dungeon
  8556 | D:10     | Reached XP level 11. HP: 104/107 MP: 10/10
  8771 | D:10     | Reached ***** piety under Qazlal
  9446 | D:11     | Noticed a two-headed ogre
  9455 | D:11     | Killed a two-headed ogre
  9480 | D:11     | Noticed a six-headed hydra
  9497 | D:11     | Killed a six-headed hydra
  9497 | D:11     | Noticed a five-headed hydra
  9530 | D:10     | Reached skill level 10 in Armour
  9601 | D:10     | Killed a five-headed hydra
  9601 | D:10     | Reached skill level 14 in Fighting
  9902 | D:11     | Found a flagged portal.
  9912 | Bailey   | Entered a bailey
  9962 | Bailey   | Noticed an orc knight
  9962 | Bailey   | Noticed an orc knight
  9962 | Bailey   | Noticed an orc knight
  9972 | Bailey   | Noticed an orc knight
  9979 | Bailey   | Killed an orc knight
  9997 | Bailey   | Killed an orc knight
 10078 | Bailey   | Killed an orc knight
 10136 | Bailey   | Killed an orc knight
 10136 | Bailey   | Reached XP level 12. HP: 75/118 MP: 11/11
 10309 | Bailey   | Identified a scroll of acquirement
 10877 | D:11     | Found a staircase to the Orcish Mines.
 10883 | D:11     | Reached skill level 10 in Shields
 10920 | Orc:1    | Entered Level 1 of the Orcish Mines
 11111 | Orc:2    | Entered Level 2 of the Orcish Mines
 11125 | Orc:1    | Reached ****** piety under Qazlal
 11245 | Orc:2    | Found Yluyc Fic's Antique Armour Shop.
 11308 | Orc:2    | Reached skill level 15 in Fighting
 11403 | Orc:1    | Found Niestaiq's Food Emporium.
 11965 | Orc:2    | Reached skill level 15 in Axes
 11990 | Orc:2    | Noticed an ogre mage
 12016 | Orc:2    | Killed an ogre mage
 12036 | Orc:2    | Noticed an ogre mage
 12043 | Orc:2    | Killed an ogre mage
 12043 | Orc:2    | Noticed an ogre mage
 12054 | Orc:2    | Killed an ogre mage
 12081 | Orc:2    | Gained mutation: You have sharp fingernails. [a neqoxec]
 12082 | Orc:2    | Found Kataciyl's Book Shop.
 12102 | Orc:2    | Found an ancient bone altar of Kikubaaqudgha.
 12105 | Orc:2    | Reached XP level 13. HP: 127/128 MP: 12/12
 12139 | Orc:2    | Noticed Nergalle
 12146 | Orc:2    | Killed Nergalle
 12147 | Orc:2    | Found Peaxtugh's Distillery.
 12179 | Orc:2    | Bought a potion of curing for 48 gold pieces
 12179 | Orc:2    | Bought a potion of heal wounds for 80 gold pieces
 12181 | Orc:2    | Noticed Erolcha
 12184 | Orc:2    | Found a radiant altar of Vehumet.
 12195 | Orc:2    | Killed Erolcha
 12414 | Orc:2    | Found a roughly hewn altar of Beogh.
 12417 | Orc:2    | Found Ussouniuc's Magic Scroll Boutique.
 12559 | Orc:2    | Found Atwiemif's Antique Weapon Boutique.
 12740 | Orc:2    | Found a staircase to the Elven Halls.
 13192 | Lair:1   | Entered Level 1 of the Lair of Beasts
 13341 | Lair:1   | Reached skill level 16 in Fighting
 14335 | Lair:2   | Found a gate leading to a gauntlet.
 14344 | Gauntlet | Entered a Gauntlet
 14344 | Gauntlet | Found a transporter.
 14347 | Gauntlet | Found a transporter.
 14363 | Gauntlet | Found a transporter.
 14367 | Gauntlet | Found a transporter.
 14386 | Gauntlet | Found a transporter.
 14399 | Gauntlet | Found a transporter.
 14412 | Gauntlet | Found a transporter.
 14430 | Gauntlet | Found a transporter.
 14434 | Gauntlet | Found a transporter.
 14439 | Gauntlet | Noticed a dire elephant
 14445 | Gauntlet | Found a transporter.
 14460 | Gauntlet | Found a transporter.
 14464 | Gauntlet | Found a transporter.
 14766 | Gauntlet | Got a bound ivory ring
 14768 | Gauntlet | Identified the ring "Uluicor" {Int+6 Stlth+} (You found it
                  | in a Gauntlet)
 14803 | Gauntlet | Noticed a minotaur
 14811 | Gauntlet | Killed a minotaur
 15435 | Lair:3   | Found the +15 Maxwell's patent armour {-Cast -Tele rElec
                  | MR+ rCorr}
 15435 | Lair:3   | Got the +15 Maxwell's patent armour {-Cast -Tele rElec MR+
                  | rCorr}
 15512 | Lair:3   | Found a staircase to the Snake Pit.
 15691 | Lair:3   | Found a staircase to the Swamp.
 16169 | Lair:4   | Noticed Snorg
 16184 | Lair:4   | Killed Snorg
 16184 | Lair:4   | Reached skill level 17 in Fighting
 16305 | Lair:4   | Reached XP level 14. HP: 133/140 MP: 13/13
 16808 | Lair:4   | Got a slimy trident
 16808 | Lair:4   | Identified the +3 trident of the Maze {antimagic, rF- Str+8
                  | Dex+5} (You found it on level 4 of the Lair of Beasts)
 17481 | Lair:5   | Reached skill level 18 in Fighting
 18269 | Lair:6   | Entered Level 6 of the Lair of Beasts
 18269 | Lair:6   | Found a viscous altar of Jiyva.
 18270 | Lair:6   | Found a staircase to the Slime Pits.
 18891 | Lair:6   | Found a burning altar of Makhleb.
 19011 | Lair:6   | Found a gateway to Hell.
 19767 | Lair:6   | Got a bloodstained cloak
 19778 | Lair:6   | Identified the -2 cloak of Youthful Indiscretion {*Corrode
                  | +Inv MP+9} (You found it on level 6 of the Lair of Beasts)
 20145 | D:12     | Noticed Fannar
 20157 | D:12     | Killed Fannar
 20157 | D:12     | Reached XP level 15. HP: 150/151 MP: 14/14
 20195 | D:12     | Reached skill level 19 in Fighting
 20267 | D:12     | Noticed Psyche
 20271 | D:12     | Killed Psyche
 20884 | D:13     | Reached skill level 1 in Invocations
 22509 | D:13     | Found a gate to the Vaults.
 22614 | D:14     | Noticed Azrael
 22627 | D:14     | Killed Azrael
 22817 | D:14     | Noticed Frances
 22833 | D:14     | Killed Frances
 22876 | D:14     | Noticed Josephine
 22882 | D:14     | Reached skill level 20 in Fighting
 22885 | D:14     | Killed Josephine
 23271 | D:15     | Entered Level 15 of the Dungeon
 23332 | D:15     | Reached XP level 16. HP: 151/163 MP: 18/18
 23381 | D:15     | Reached skill level 5 in Invocations
 23632 | D:15     | Found Xonaeh's Weapon Boutique.
 23786 | D:15     | Found a staircase to the Depths.
 24182 | Snake:1  | Entered Level 1 of the Snake Pit
 24581 | Snake:1  | Identified Roxanne's Grimoire of Clay
 24581 | Snake:1  | Noticed Roxanne
 24986 | Snake:1  | Killed Roxanne
 25060 | Snake:2  | Noticed Aizul
 25072 | Snake:2  | Killed Aizul
 25087 | Snake:2  | Reached skill level 21 in Fighting
 25324 | Snake:2  | Found Nomass's Assorted Antiques.
 25475 | Snake:2  | Found a frozen archway.
 25492 | IceCv    | Entered an ice cave
 25861 | IceCv    | Noticed an Ice Fiend
 25868 | IceCv    | Killed an Ice Fiend
 26280 | IceCv    | Got a fading hat
 26285 | IceCv    | Identified the +3 hat of Hymun {Regen+ Str+4} (You found it
                  | in an ice cave)
 26563 | Snake:2  | Reached skill level 15 in Armour
 26565 | Snake:2  | Reached skill level 15 in Shields
 26698 | Snake:2  | Reached XP level 17. HP: 173/173 MP: 21/21
 27540 | Snake:3  | Noticed Mara
 27546 | Snake:3  | Noticed Ozzies's illusion
 27549 | Snake:3  | Killed Mara
 27740 | Snake:4  | Entered Level 4 of the Snake Pit
 27917 | Snake:4  | Reached skill level 22 in Fighting
 28099 | Snake:4  | Cast into level 1 of the Abyss (naga)
 28334 | Abyss:1  | Reached XP level 18. HP: 67/148 MP: 22/22
 28376 | Abyss:1  | Got an ichor-stained mace
 28426 | Snake:4  | Escaped the Abyss
 28454 | Snake:4  | Identified the cursed +2 mace of Gitzuehi {vamp, +Fly rElec
                  | Str+9 Stlth-} (You found it on level 1 of the Abyss)
 28562 | Snake:4  | Reached skill level 23 in Fighting
 28902 | Snake:4  | Got a serpentine rune of Zot
 28989 | Snake:4  | Found a runed translucent door.
 29520 | Vaults:1 | Entered Level 1 of the Vaults
 31378 | Vaults:2 | Reached XP level 19. HP: 198/198 MP: 23/23
 31398 | Vaults:2 | Reached skill level 24 in Fighting
 31532 | Vaults:2 | Identified the Reference Book on Translocation
 31666 | Vaults:2 | Found a bloodstained altar of Trog.
 32022 | Vaults:2 | Identified the Almanac of Transmutation
 32389 | Vaults:2 | Identified the Compendium of Summoning
 32535 | Vaults:2 | Identified Myhilosy's Incunabulum of the Snowflakes
 32795 | Vaults:2 | Identified the Compendium of the Trilobite
 32986 | Vaults:3 | Identified the Grimoire of Shifting Flames
 33290 | Vaults:3 | Found a staircase to the Crypt.
 33386 | Vaults:3 | Reached skill level 25 in Fighting
 33573 | Vaults:3 | Found a runed translucent gate.
 33574 | Vaults:3 | Found a runed translucent gate.
 33575 | Vaults:3 | Found a runed translucent gate.
 33575 | Vaults:3 | Noticed Isedumueph's ghost (veteran HuFi)
 33756 | Vaults:3 | Killed Isedumueph's ghost
 34189 | Vaults:4 | Reached XP level 20. HP: 211/211 MP: 24/24
 35035 | Vaults:4 | Found Lagus's Food Emporium.
 36073 | Elf:1    | Entered Level 1 of the Elven Halls
 36249 | Elf:1    | Killed from afar by a Hell Sentinel

Illustrated notes

Levels and vault maps discovered:
D:1:      dpeg_arrival_lava_temple_mockup, layout_basic,
          chequers_serial_rivers_marsh
D:2:      layout_loops_cross, chequers_ecumenical_altar_island,
          nicolae_qazlal_eye_of_the_storm
D:3:      layout_basic, fedhas_altar_1, led_sif_pool, gup_sewer_entry_bowl,
          nicolae_gozag_seed_capital, uniq_terence
D:4:      layout_basic, doesnt_xom_only_xom, uniq_eustachio, uniq_robin
D:5:      layout_basic, first_ration, minivault_25, uniq_blork_the_orc
D:6:      lemuel_ice_spiral_2, layout_basic, lemuel_coloured_pillars_altar,
          grunt_dithmenos_smoke_and_mirrors, minmay_temple_entry_waves,
          basic_altar, uniq_grinder
D:7:      layout_loops_ring, chequers_temple_overflow_minitemple,
          enter_ossuary_4, serial_shops, shop, uniq_joseph
D:8:      minmay_the_grid_plus_closed [minmay_the_grid_large_cup,
          minmay_the_grid_medium_cups, minmay_the_grid_empty,
          minmay_the_grid_box_x, minmay_the_grid_prize_shrinking_boxes],
          layout_basic, lair_entry_dummy, corexii_leaking_fountain, uniq_maurice
D:9:      layout_stronghold, nicolae_overflow_hidden_temple,
          makhleb_blood_cavern_becter
D:10:     layout_grid_maze
D:11:     layout_long_grid, kennysheep_orc_monster_closet_entryway,
          enter_bailey_2
D:12:     layout_long_grid, uniq_fannar, uniq_psyche
D:13:     layout_loops_ring, ximxim_vaults_locker_room
D:14:     layout_gridville, special_room [special_room_bee], minivault_25,
          uniq_josephine, uniq_frances, uniq_azrael
D:15:     grunt_enter_depths_snipers, layout_cave_pools, serial_shops,
          shop_fountains, minivault_14
Lair:1:   layout_small_grid
Lair:2:   layout_roguey, gauntlet_entry_generic, lemuel_fruit_fields,
          lemuel_fruit_tree
Lair:3:   layout_misc_corridors, minmay_swamp_entry_swarm,
          minmay_snake_entry_guardpost_large
Lair:4:   layout_layer_cave, grunt_megastairs_3, serial_bayou_shore_b,
          uniq_snorg
Lair:5:   layout_gridlike, grunt_forest_large_clearings
Lair:6:   evil_forest, layout_regular_city, slime_altar_1, lemuel_fruit_fields
Snake:1:  layout_rooms, uniq_roxanne
Snake:2:  dpeg_oklob_gauntlet, layout_basic, serial_shops, shop,
          portal_ice_cave_entry_dragon, uniq_aizul
Snake:3:  layout_honeycomb, uniq_mara
Snake:4:  minmay_snake_end_coiled, layout_basic, lightli_airlock
Orc:1:    layout_diamond_mine, serial_shops, shop
Orc:2:    kennysheep_orc_mage_school, layout_diamond_mine, serial_shops,
          nicolae_shop_trees
Elf:1:    minmay_elf_arrival_plus, layout_gridlike, hangedman_elf_represent,
          kilobyte_mutagenic_chamber, grunt_megastairs_2
Vaults:1: grunt_vaults_funnel, ontoclasm_vaults_hangar,
          vaults_room_grunt_arrival_ludios, nicolae_vaults_yaktaur_gun_rack,
          v_alt_pattern_3, hangedman_vaults_trim, layout_vaults_omnigrid,
          mu_enter_wizlab_1
Vaults:2: vaults_room_fours, v_misc_32, grunt_vaults_focal, vaults_room_fours,
          hangedman_vaults_slither, nicolae_vaults_an_arrangement,
          nicolae_vaults_specimen_jars, v_misc_13, vaults_room_semicircle,
          dpeg_vaults_monster_row, hangedman_vaults_hat, layout_vaults_omnibox,
          serial_hangedman_research, hangedman_research_metamorphosis,
          hangedman_research_quantum, hangedman_research_convocations,
          hangedman_research_geology, hangedman_research_thermodynamics,
          basic_altar
Vaults:3: gammafunk_vaults_ghost_split, minmay_crypt_entry_simple_box,
          v_misc_26, vaults_mumra_chevron, vaults_room_pool,
          nicolae_vaults_little_squares_1, ontoclasm_vaults_shuriken,
          vaults_dpeg_ring, v_misc_19, v_misc_28, v_misc_2, layout_vaults_ring
Vaults:4: ontoclasm_vaults_twist, ontoclasm_vaults_ligature,
          ontoclasm_vaults_loading_screen, nicolae_vaults_little_squares_6,
          vaults_room_guarded_vault, vaults_dpeg_encased_lava,
          grunt_vaults_hallway_long, layout_vaults_chaotic_city, serial_shops,
          nicolae_shop_stone

Skill      XL: |  1  2  3  4  5  6  7  8  9 10 11 12 13 14 15 16 17 18 19 |
---------------+----------------------------------------------------------+-----
Fighting       | 4 5 6 7 9 10 12 13 14 15 17 18 20 21 22 23 25 | 25.9
Axes           | 3 4 5 6 7 9 11 13 15 18 19 21 23 | 23.9
Armour         | 4 5 7 8 10 12 13 15 | 15.0
Shields        | 4 5 7 9 10 12 13 15 | 15.0
Invocations    | 4 7 |  7.0

Action                   |  1- 3 |  4- 6 |  7- 9 | 10-12 | 13-15 | 16-18 | 19-21 || total
-------------------------+-------+-------+-------+-------+-------+-------+-------++-------
Melee: War axe           |    73 |   169 |   144 |       |       |       |       ||   386
       Headbutt          |    15 |    23 |    77 |   124 |   234 |   317 |   203 ||   993
       Mace              |       |       |   249 |    33 |       |       |       ||   282
       Unarmed           |       |       |     7 |       |       |       |       ||     7
       Hand axe          |       |       |       |   350 |       |       |       ||   350
       Whip              |       |       |       |    97 |    54 |       |       ||   151
       Broad axe         |       |       |       |   181 |   978 |  1269 |   700 ||  3128
Invok: Upheaval          |       |       |       |       |       |     1 |       ||     1
       Elemental Force   |       |       |       |       |       |       |     2 ||     2
Evoke: Wand              |       |       |       |       |       |     7 |       ||     7
  Use: Potion            |       |       |     4 |     6 |       |     3 |     1 ||    14
       Scroll            |       |       |     1 |    35 |     7 |     5 |     1 ||    49
  Eat: Chunk             |       |     5 |    14 |    18 |    13 |     9 |    13 ||    72
       Ration            |       |       |       |       |     7 |     6 |     1 ||    14
Armor: Scale mail        |    36 |    80 |    70 |       |       |       |       ||   186
       Chain mail        |       |       |    86 |   168 |    83 |       |       ||   337
       Plate armour      |       |       |       |       |   416 |   310 |   161 ||   887
Dodge: Dodged            |    16 |    55 |    78 |    96 |   141 |    81 |    57 ||   524
       Repelled          |       |       |       |     4 |     5 |    26 |     9 ||    44
Block: Kite shield       |    49 |   108 |   354 |   496 |   611 |       |       ||  1618
       Tower shield      |       |       |       |       |   396 |  1353 |   677 ||  2426

Table legend:
 A = Non-vault XP
 B = Vault XP
 C = Vault XP percentage of total XP
 D = Non-vault monster count
 E = Vault monster count
 F = Vault count percentage of total count
                 A         B        C        D         E       F
            +---------+---------+-------+---------+---------+-------
      Total |  320468 |  205680 |  39.1 |    1025 |     540 |  34.5
            +---------+---------+-------+---------+---------+-------
        D:1 |      32 |       0 |   0.0 |      20 |       0 |   0.0
        D:2 |     192 |       0 |   0.0 |      31 |       0 |   0.0
        D:3 |      57 |      56 |  49.6 |      18 |       5 |  21.7
        D:4 |     440 |     219 |  33.2 |      21 |      12 |  36.4
        D:5 |     897 |      99 |   9.9 |      17 |       1 |   5.6
        D:6 |     588 |     286 |  32.7 |      16 |       1 |   5.9
        D:7 |    1122 |     473 |  29.7 |      25 |       3 |  10.7
        D:8 |     376 |    2980 |  88.8 |      11 |      18 |  62.1
        D:9 |    2638 |     145 |   5.2 |      38 |       2 |   5.0
       D:10 |    3668 |       0 |   0.0 |      43 |       0 |   0.0
       D:11 |    4308 |    1225 |  22.1 |      29 |      20 |  40.8
       D:12 |    8123 |    1447 |  15.1 |      37 |       2 |   5.1
       D:13 |   12314 |    4408 |  26.4 |      33 |      11 |  25.0
       D:14 |   13197 |    9351 |  41.5 |      44 |      38 |  46.3
       D:15 |   10038 |    3165 |  24.0 |      26 |       3 |  10.3
     Lair:1 |    5656 |       0 |   0.0 |      23 |       0 |   0.0
     Lair:2 |    2407 |       0 |   0.0 |      10 |       0 |   0.0
     Lair:3 |    3947 |    2324 |  37.1 |      14 |      14 |  50.0
     Lair:4 |    4717 |    1534 |  24.5 |      18 |       3 |  14.3
     Lair:5 |    8648 |    4063 |  32.0 |      30 |      28 |  48.3
     Lair:6 |   11021 |   10511 |  48.8 |      29 |      26 |  47.3
    Snake:1 |   19385 |    1816 |   8.6 |      38 |       1 |   2.6
    Snake:2 |   20757 |    4392 |  17.5 |      36 |       5 |  12.2
    Snake:3 |   17352 |    8272 |  32.3 |      42 |       1 |   2.3
    Snake:4 |   35034 |   33140 |  48.6 |      69 |      63 |  47.7
      Orc:1 |    4308 |       0 |   0.0 |      45 |       0 |   0.0
      Orc:2 |    4531 |    7981 |  63.8 |      38 |      34 |  47.2
      Elf:1 |    7610 |    4635 |  37.9 |      13 |       8 |  38.1
   Vaults:1 |   32014 |    7893 |  19.8 |      55 |      10 |  15.4
   Vaults:2 |   14002 |   47162 |  77.1 |      33 |      81 |  71.1
   Vaults:3 |   24376 |   19225 |  44.1 |      43 |      19 |  30.6
   Vaults:4 |   31958 |   11294 |  26.1 |      47 |      11 |  19.0
    Abyss:1 |   14755 |       0 |   0.0 |      33 |       0 |   0.0
      Sewer |       0 |     130 | 100.0 |       0 |       6 | 100.0
    Ossuary |       0 |     155 | 100.0 |       0 |      16 | 100.0
     Bailey |       0 |    3578 | 100.0 |       0 |      40 | 100.0
      IceCv |       0 |    9298 | 100.0 |       0 |      52 | 100.0
   Gauntlet |       0 |    4423 | 100.0 |       0 |       6 | 100.0
            +---------+---------+-------+---------+---------+-------
